[Event "Titled Tuesday Blitz April 12 Late 2022"]
[White "Andreikin, Dmitry"]
[Black "Shimanov, Aleksandr"]
[WhiteFideId "4158814"]
[BlackFideId "4198603"]
[WhiteElo "2736"]
[BlackElo "2636"]
[Result "1-0"]
[Round "09"]
[TimeControl "180+1"]
[Date "2022.04.12"]
[WhiteClock "0:00:05"]
[BlackClock "0:00:04"]

1. d4 d5 2. c4 e6 3. Nf3 Nf6 4. g3 Nbd7 5. Bg2 dxc4 6. O-O c6 7. a4 a5 8. Nbd2 b5 9. Ne5 Nxe5 10. dxe5 Nd5 11. Ne4 Be7 12. Nd6+ Bxd6 13. exd6 Bb7 14. e4 Nb4 15. e5 Qd7 16. Qg4 O-O 17. Bg5 Kh8 18. Qh4 c5 19. Bxb7 Qxb7 20. axb5 Qxb5 21. Rfc1 Nd3 22. Qxc4 Qxc4 23. Rxc4 Nxe5 24. Rxc5 Nf3+ 25. Kg2 Nxg5 26. Rxg5 f5 27. g4 g6 28. gxf5 exf5 29. Rg3 Rfd8 30. Rd3 Ra6 31. b4 a4 32. b5 Raxd6 33. Rxd6 Rxd6 34. Rxa4 Rb6 35. Rb4 Kg7 36. Kf3 Kf6 37. h4 Ke5 38. Ke3 h6 39. Rb1 g5 40. f4+ gxf4+ 41. Kf3 h5 42. Rb2 Kd4 43. Kxf4 Kc3 44. Rb1 Kc2 45. Rb4 Kc3 46. Rb1 Kc2 47. Rf1 Rxb5 48. Kg5 Rb4 49. Rxf5 Kd3 50. Kxh5 Ke4 51. Kg5 Rb8 52. Rf7 Rg8+ 53. Kf6 Rh8 54. Kg5 Rg8+ 55. Kh6 Rh8+ 56. Rh7 Rd8 57. h5 Kf5 58. Rf7+ Ke6 59. Kg6 Rd1 60. Rf6+ Ke7 61. Rf7+ Ke6 62. Rf4 Rg1+ 63. Kh7 Ke7 64. h6 Rg2 65. Ra4 Rg1 66. Ra7+ Kf8 67. Rg7 Rf1 68. Kh8 Rf2 69. Ra7 Rf1 70. Ra6 Kf7 71. Ra7+ Kf8 72. Rc7 Rf2 73. Rg7 Rf1 74. Kh7 Rf2 75. Rg5 Kf7 76. Rg4 Rf1 77. Rd4 Rf2 78. Rd5 Rf1 79. Ra5 Rf2 80. Ra7+ Kf8 81. Kg6 Rg2+ 82. Kf6 Rf2+ 83. Ke5 Re2+ 84. Kf5 Rf2+ 85. Kg6 Rg2+ 86. Kh5 Rh2+ 87. Kg5 Rg2+ 88. Kf4 Rf2+ 89. Kg3 Rf1 90. Ra8+ 1-0


[Site "https://www.chess.com"]

[Event "Titled Tuesday Blitz April 12 Late 2022"]
[White "Ansh M Shah"]
[Black "Hardaway, Brewington"]
[WhiteFideId "25033379"]
[BlackFideId "30941849"]
[WhiteElo "1819"]
[BlackElo "1768"]
[Result "1-0"]
[Round "09"]
[TimeControl "180+1"]
[Date "2022.04.13"]
[WhiteClock "0:00:48"]
[BlackClock "0:00:38"]

1. d4 Nf6 2. c4 e6 3. Nf3 d5 4. g3 c6 5. Bg2 Be7 6. O-O O-O 7. b3 b6 8. Nbd2 Nbd7 9. Bb2 Ba6 10. Rc1 Rc8 11. Re1 c5 12. e4 dxe4 13. Nxe4 Nxe4 14. Rxe4 Bb7 15. Re1 cxd4 16. Nxd4 Bxg2 17. Kxg2 Bf6 18. Re2 Qc7 19. Nb5 Qb7+ 20. Kg1 Rcd8 21. Qf1 Bxb2 22. Rxb2 Nc5 23. Rd1 Qf3 24. Rbd2 Rxd2 25. Rxd2 a6 26. Nd4 Qe4 27. Qe2 Qb7 28. Qf3 Qc7 29. Qc6 Qe5 30. Nf3 Qc3 31. Qxb6 Ne4 32. Rd8 Nf6 33. Qd6 Ne8 34. Qe7 Qf6 35. Rxe8 1-0


[Site "https://www.chess.com"]

[Event "Titled Tuesday Blitz April 12 Late 2022"]
[White "Antonova, Nadezhda"]
[Black "Zherebtsova, Alexandra"]
[WhiteFideId "14700182"]
[BlackFideId "24129518"]
[WhiteElo "1789"]
[BlackElo "2025"]
[Result "0-1"]
[Round "09"]
[TimeControl "180+1"]
[Date "2022.04.13"]
[WhiteClock "0:00:01"]
[BlackClock "0:00:07"]

1. Nf3 d5 2. b3 Nf6 3. Bb2 g6 4. g3 Bg7 5. Bg2 b6 6. O-O Bb7 7. c4 dxc4 8. bxc4 c5 9. e3 O-O 10. d4 cxd4 11. exd4 e6 12. Nbd2 Nc6 13. Rc1 Rc8 14. Re1 Rc7 15. Qa4 Qa8 16. d5 exd5 17. cxd5 Nxd5 18. Bxg7 Kxg7 19. Qb5 Nf6 20. Nc4 Nd4 21. Nxd4 Bxg2 22. Ne3 Rxc1 23. Rxc1 Bh3 24. Qc6 Qxc6 25. Nxc6 Rc8 26. Rc2 a6 27. f3 Be6 28. Kf2 Nd5 29. Nd4 Rxc2+ 30. Nexc2 Bd7 31. a3 f5 32. h4 Kf6 33. f4 Nc3 34. Nf3 Ne4+ 35. Ke3 Nxg3 36. Ne5 Bc8 37. Nd4 Ne4 38. Ndc6 Ke6 39. Na7 Bb7 40. Nc4 b5 41. Nb2 Kd6 42. Nd3 Kc7 0-1


[Site "https://www.chess.com"]

[Event "Titled Tuesday Blitz April 12 Late 2022"]
[White "Bachmann, Axel"]
[Black "Janturin, Artur"]
[WhiteFideId "3700488"]
[BlackFideId "4130022"]
[WhiteElo "2587"]
[BlackElo "2360"]
[Result "0-1"]
[Round "09"]
[TimeControl "180+1"]
[Date "2022.04.13"]
[WhiteClock "0:00:04"]
[BlackClock "0:00:31"]

1. d4 e6 2. c4 b6 3. Nf3 Bb7 4. g3 Bb4+ 5. Bd2 Bxf3 6. exf3 Bxd2+ 7. Qxd2 d5 8. f4 Ne7 9. Bg2 Nbc6 10. O-O dxc4 11. Na3 Nxd4 12. Rfd1 c5 13. Nxc4 Rc8 14. h4 O-O 15. h5 h6 16. Rac1 Nd5 17. Ne5 Nf6 18. b4 Nxh5 19. bxc5 bxc5 20. Nd3 Qb6 21. Nxc5 Rxc5 22. Rxc5 Qxc5 23. Qxd4 Qa5 24. a4 Nf6 25. Rc1 Rd8 26. Qc4 Qd2 27. Bf3 h5 28. Rc2 Qe1+ 29. Kg2 h4 30. Re2 Qa1 31. g4 Rd1 32. Kh2 Nd5 33. Qc8+ Kh7 34. Qc2+ g6 35. Bxd5 Rxd5 36. Qe4 Qf1 37. Rc2 Rd1 38. Rc7 Qxf2+ 39. Qg2 Qxf4+ 40. Kh3 Rd3+ 0-1


[Site "https://www.chess.com"]

[Event "Titled Tuesday Blitz April 12 Late 2022"]
[White "Barria Zuniga, Daniel"]
[Black "Bilych, Olexiy"]
[WhiteFideId "3400816"]
[BlackFideId "14156504"]
[WhiteElo "2414"]
[BlackElo "2176"]
[Result "0-1"]
[Round "09"]
[TimeControl "180+1"]
[Date "2022.04.12"]
[WhiteClock "0:01:05"]
[BlackClock "0:00:20"]

1. d4 Nf6 2. c4 e6 3. Nf3 d5 4. Nc3 Bb4 5. Qa4+ Nc6 6. e3 O-O 7. Bd2 Bd7 8. Qc2 dxc4 9. Bxc4 Na5 10. Bd3 c5 11. dxc5 Bxc5 12. Ne4 Be7 13. Nxf6+ Bxf6 14. Bxh7+ Kh8 15. Be4 Rc8 16. Qd3 Nc4 17. O-O Bb5 18. Bb4 Qxd3 19. Bxd3 Rfd8 20. Be2 a5 21. Bc3 Bxc3 22. bxc3 Ba6 23. Rfd1 Rxd1+ 24. Rxd1 Nb2 25. Rd2 Bxe2 26. h4 Bxf3 27. gxf3 Nc4 28. Rd7 Ne5 29. Rxb7 Nxf3+ 30. Kf1 Rxc3 31. Rxf7 Nxh4 32. Re7 Ra3 33. Rxe6 Rxa2 34. f4 a4 35. e4 a3 36. Ra6 Ra1+ 37. Kf2 a2 0-1


[Site "https://www.chess.com"]

[Event "Titled Tuesday Blitz April 12 Late 2022"]
[White "Bluebaum, Matthias"]
[Black "Kamsky, Gata"]
[WhiteFideId "24651516"]
[BlackFideId "2000024"]
[WhiteElo "2550"]
[BlackElo "2645"]
[Result "0-1"]
[Round "09"]
[TimeControl "180+1"]
[Date "2022.04.12"]
[WhiteClock "0:00:11"]
[BlackClock "0:00:39"]

1. d4 d5 2. c4 c6 3. Nc3 Nf6 4. Nf3 a6 5. Qc2 b5 6. e4 bxc4 7. e5 Ng8 8. b3 cxb3 9. axb3 Bg4 10. b4 Bxf3 11. gxf3 e6 12. b5 a5 13. bxc6 Nxc6 14. Bb5 Rc8 15. Qa4 Qb6 16. Ba3 Bxa3 17. Rxa3 Ne7 18. Bxc6+ Nxc6 19. Nb5 O-O 20. O-O Rb8 21. Rc1 Nxe5 22. dxe5 Qxb5 23. Qxa5 Qb2 24. Qc3 g6 25. Qxb2 Rxb2 26. Rc7 Rb4 27. Kg2 Rf4 28. Kg3 g5 29. Re3 Kg7 30. h4 Rxh4 31. Rec3 Rf4 32. R3c6 Kg6 33. Rd7 Kf5 34. Rc1 Kxe5 35. Rh1 Rh8 36. Rh6 Rf6 37. Rh5 h6 38. Ra7 Kf5 39. Rh1 Kg6 40. Rc1 h5 41. Rcc7 h4+ 42. Kg2 h3+ 43. Kh2 Rxf3 44. Rc2 g4 45. Raa2 Rh5 46. Re2 Rhf5 47. Ra1 R5f4 48. Kg1 Kf5 49. Rf1 f6 50. Rfe1 e5 51. Rd1 d4 52. Rc1 Rc3 53. Ra1 Rff3 54. Rd1 Rfd3 55. Ra1 Rc5 56. Kh2 Rdc3 57. Raa2 d3 58. Red2 Rc2 59. Kg3 Rxd2 60. Rxd2 e4 61. Rd1 Kg5 62. Ra1 f5 63. Ra8 f4+ 64. Kh2 Rd5 65. Rg8+ Kf5 66. Rf8+ Ke5 67. Re8+ Kd4 68. Ra8 d2 69. Ra1 Kd3 70. f3 gxf3 71. Rf1 Ke2 72. Rg1 f2 0-1


[Site "https://www.chess.com"]

[Event "Titled Tuesday Blitz April 12 Late 2022"]
[White "Broca Jimenez, Fernando"]
[Black "Petrovic, Aleksa"]
[WhiteFideId "5104742"]
[BlackFideId "967629"]
[WhiteElo "2062"]
[BlackElo "2198"]
[Result "1-0"]
[Round "09"]
[TimeControl "180+1"]
[Date "2022.04.13"]
[WhiteClock "0:00:33"]
[BlackClock "0:00:42"]

1. e4 c5 2. Nf3 e6 3. d4 cxd4 4. Nxd4 a6 5. c4 Nf6 6. Nc3 Qc7 7. Be2 b6 8. O-O Bb7 9. f3 Be7 10. Be3 O-O 11. Rc1 d6 12. Qd2 Nbd7 13. Rfd1 Rac8 14. a3 Qb8 15. b4 Bd8 16. h3 Bc7 17. Bd3 Ne5 18. Nce2 Qa8 19. Bf4 Nfd7 20. Kh1 Rfd8 21. Qe3 Bb8 22. Qf2 Ba7 23. Qh4 Ng6 24. Qg3 e5 25. Bg5 exd4 26. Bxd8 Rxd8 27. Nxd4 Nde5 28. Nf5 Bb8 29. h4 d5 30. Qf2 dxe4 31. Bxe4 Bc7 32. h5 Nf4 33. Rxd8+ Bxd8 34. Qd4 Bxe4 35. Qxe5 Bxf5 36. Qe8# 1-0


[Site "https://www.chess.com"]

[Event "Titled Tuesday Blitz April 12 Late 2022"]
[White "Cabarkapa, Novak"]
[Black "Martinez Reyes, Pedro Ramon"]
[WhiteFideId "943746"]
[BlackFideId "3901807"]
[WhiteElo "2443"]
[BlackElo "2410"]
[Result "1-0"]
[Round "09"]
[TimeControl "180+1"]
[Date "2022.04.12"]
[WhiteClock "0:01:40"]
[BlackClock "0:01:15"]

1. h4 e5 2. h5 d5 3. a4 h6 4. a5 Nf6 5. c3 c5 6. d4 exd4 7. cxd4 cxd4 8. Nf3 Nc6 9. a6 bxa6 10. Nxd4 Nxd4 11. Qxd4 Qb6 12. Qa4+ Bd7 13. Qxa6 Bb4+ 14. Bd2 O-O 15. Qxb6 axb6 16. Rxa8 Bxd2+ 17. Kxd2 Rxa8 18. f3 Ra1 19. Na3 d4 20. Nc2 Rb1 21. Nxd4 Nd5 22. e4 Rxb2+ 23. Kc1 Rb4 24. Nc2 Ra4 25. exd5 Bf5 26. Kb2 Kf8 27. Bb5 Ra5 28. Bc6 Ke7 29. Rd1 Kd6 30. Ne3 1-0


[Site "https://www.chess.com"]

[Event "Titled Tuesday Blitz April 12 Late 2022"]
[White "Cagara, Paulina"]
[Black "Nozdrachev, Leonid"]
[WhiteFideId "1124870"]
[BlackFideId "24113433"]
[WhiteElo "1780"]
[BlackElo "2242"]
[Result "0-1"]
[Round "09"]
[TimeControl "180+1"]
[Date "2022.04.13"]
[WhiteClock "0:00:29"]
[BlackClock "0:00:06"]

1. e4 d6 2. d4 Nf6 3. Nc3 e5 4. Be3 Ng4 5. Qd2 Nc6 6. Bg5 Be7 7. Bxe7 Qxe7 8. dxe5 Qxe5 9. O-O-O O-O 10. f3 Nf6 11. g4 Qa5 12. Kb1 Be6 13. b3 Rfd8 14. Nd5 Bxd5 15. Qxa5 Nxa5 16. exd5 b6 17. Ne2 c6 18. Nf4 g5 19. Nh5 Nxh5 20. gxh5 h6 21. f4 c5 22. fxg5 hxg5 23. h4 gxh4 24. Rxh4 Re8 25. Bd3 Re5 26. Rg1+ Kh8 27. h6 f5 28. Rh5 Rf8 29. c4 f4 30. h7 Rxh5 31. Rg6 Kxh7 32. Rg5+ Kh6 33. Rg6+ Kh7 34. Rg5+ Kh8 35. Rxh5+ Kg7 36. Rf5 Rxf5 37. Bxf5 Kf6 38. Bh3 Ke5 39. Kc2 Kd4 40. Kd2 Nb7 41. Bd7 Nd8 42. Be8 Ke4 43. Bg6+ Ke5 44. Ke2 Nb7 45. Kf3 a6 46. Be8 Nd8 47. Bh5 b5 48. cxb5 axb5 49. Be8 b4 50. Bc6 Nf7 51. Bb5 Nh6 52. Bc4 Nf5 53. Bd3 Ne7 54. Bc4 Ng8 55. Bd3 Nf6 56. Bc4 Nh5 57. Bd3 Ng3 58. Bc4 Nf5 59. Bd3 Ne3 60. Bb5 Nd1 61. Bc4 Nc3 62. Bd3 Kd4 63. Bc4 Ke5 64. Bd3 Nxa2 65. Bc4 Nc3 66. Bd3 Nd1 67. Bc4 Ne3 68. Bd3 Nf5 69. Be2 Ne7 70. Bd3 Nc8 71. Bc4 Nb6 72. Bb5 Nxd5 73. Bc4 Ne7 74. Bg8 Nf5 75. Bh7 Nd4+ 76. Kg4 Nxb3 77. Bc2 Nd4 78. Bd3 Ne6 79. Kf3 Nd8 80. Bc4 d5 81. Bb3 Ne6 82. Bc2 Nc7 83. Bb3 Ne8 84. Bc2 Nd6 85. Bb3 c4 86. Bc2 Nb7 87. Ba4 Nc5 88. Bc2 b3 89. Bb1 Na4 90. Bg6 d4 91. Bb1 d3 92. Bxd3 cxd3 93. Kf2 Ke4 94. Ke1 Nb6 95. Kd2 Nc4+ 96. Kc3 d2 97. Kxc4 d1=Q 98. Kc5 b2 99. Kc6 b1=Q 100. Kc7 f3 101. Kc8 f2 102. Kc7 f1=Q 103. Kc6 Qc4# 0-1


[Site "https://www.chess.com"]

[Event "Titled Tuesday Blitz April 12 Late 2022"]
[White "Caruana, Fabiano"]
[Black "Dubov, Daniil"]
[WhiteFideId "2020009"]
[BlackFideId "24126055"]
[WhiteElo "2744"]
[BlackElo "2791"]
[Result "1-0"]
[Round "09"]
[TimeControl "180+1"]
[Date "2022.04.12"]
[WhiteClock "0:00:05"]
[BlackClock "0:00:01"]

1. c4 c6 2. d4 d5 3. Nf3 Nf6 4. e3 Bf5 5. Nc3 e6 6. Nh4 Bg6 7. Be2 Be7 8. O-O O-O 9. Nxg6 hxg6 10. b3 Nbd7 11. Bb2 a6 12. Rc1 Re8 13. Bf3 Bd6 14. g3 Qe7 15. Rc2 Rad8 16. Bg2 Ba3 17. Ba1 Bd6 18. Qe2 g5 19. Rd1 Nf8 20. e4 dxe4 21. Nxe4 Nxe4 22. Bxe4 Nd7 23. Bg2 Nf6 24. h3 Rd7 25. Qe3 g4 26. h4 Red8 27. Rcd2 Bb4 28. Rd3 Ba5 29. Qg5 Bb6 30. h5 e5 31. Re1 Bxd4 32. Bxd4 Rxd4 33. Rxd4 Rxd4 34. Rxe5 Qd8 35. Re3 Rd1+ 36. Kh2 Rd2 37. h6 g6 38. Qf4 Nh5 39. Re8+ Qxe8 40. Qxd2 Kh7 41. b4 Qe7 42. a4 Nf6 43. b5 axb5 44. cxb5 cxb5 45. axb5 Ng8 46. b6 Qb4 47. Qd7 Nxh6 48. Qxb7 Qc5 49. Qc7 Qh5+ 50. Kg1 Qf5 51. b7 Qb1+ 52. Bf1 1-0


[Site "https://www.chess.com"]

[Event "Titled Tuesday Blitz April 12 Late 2022"]
[White "Demchenko, Anton"]
[Black "Tillyaev, Ulugbek"]
[WhiteFideId "4160258"]
[BlackFideId "14202441"]
[WhiteElo "2539"]
[BlackElo "2377"]
[Result "1-0"]
[Round "09"]
[TimeControl "180+1"]
[Date "2022.04.12"]
[WhiteClock "0:01:40"]
[BlackClock "0:00:24"]

1. e4 Nf6 2. e5 Nd5 3. Nc3 e6 4. Bc4 d6 5. Nxd5 exd5 6. Bxd5 c6 7. Bb3 dxe5 8. Nf3 Bd6 9. d4 exd4 10. O-O O-O 11. Qxd4 Bf5 12. Bg5 Qc7 13. Rad1 Be7 14. Bxe7 Qxe7 15. Qf4 Bg6 16. Rfe1 Qc5 17. Re5 Qb6 18. h4 Qc7 19. Qe3 Na6 20. h5 Rad8 21. Rxd8 Rxd8 22. Re8+ 1-0


[Site "https://www.chess.com"]

[Event "Titled Tuesday Blitz April 12 Late 2022"]
[White "Dimakiling, Oliver"]
[Black "Janaszak, Dawid"]
[WhiteFideId "5202248"]
[BlackFideId "1119206"]
[WhiteElo "2426"]
[BlackElo "2199"]
[Result "1-0"]
[Round "09"]
[TimeControl "180+1"]
[Date "2022.04.12"]
[WhiteClock "0:01:27"]
[BlackClock "0:00:16"]

1. c4 g6 2. Nc3 Bg7 3. g3 Nf6 4. Bg2 d6 5. Nf3 c5 6. O-O O-O 7. d4 Nc6 8. d5 Na5 9. Qd3 a6 10. e4 b5 11. Nd2 Nd7 12. f4 bxc4 13. Nxc4 Nxc4 14. Qxc4 Nb6 15. Qe2 a5 16. Rd1 Ba6 17. Qe1 a4 18. a3 Bc4 19. e5 Bb3 20. Rd3 Bc4 21. Rd1 Bb3 22. Rd2 Nc4 23. Re2 Qb8 24. e6 f5 25. h3 Ra6 26. Kh2 Rb6 27. g4 fxg4 28. hxg4 Bd4 29. Qh4 g5 30. Qxg5+ Kh8 31. Qh4 Rg8 32. Ne4 Bd1 33. Re1 Rxg4 34. Qh3 Rxg2+ 35. Qxg2 Bh5 36. Ng5 Bxb2 37. Rb1 Bxc1 38. Rbxc1 Rb2 39. Rc2 Rxc2 40. Qxc2 Qb3 41. Qxh7# 1-0


[Site "https://www.chess.com"]

[Event "Titled Tuesday Blitz April 12 Late 2022"]
[White "Estrada Nieto, Julian"]
[Black "Curtis, John"]
[WhiteFideId "5101018"]
[BlackFideId "3200256"]
[WhiteElo "2252"]
[BlackElo "2203"]
[Result "1-0"]
[Round "09"]
[TimeControl "180+1"]
[Date "2022.04.13"]
[WhiteClock "0:00:16"]
[BlackClock "0:00:06"]

1. e4 c5 2. Nf3 d6 3. d4 cxd4 4. Qxd4 Bd7 5. Bc4 Nf6 6. Nc3 Nc6 7. Qd3 e6 8. Bf4 e5 9. Bg5 Be7 10. Bxf6 Bxf6 11. Qxd6 Be7 12. Qd3 Bg4 13. O-O-O Qxd3 14. Rxd3 Bxf3 15. Rxf3 O-O 16. Nd5 Bc5 17. c3 Kh8 18. b4 Bd6 19. Rd1 Rad8 20. Rfd3 Bb8 21. Ne3 Rxd3 22. Rxd3 Rd8 23. Kc2 Rxd3 24. Kxd3 f6 25. Bd5 Nd8 26. c4 g6 27. c5 Kg7 28. Nc4 Kf8 29. g3 h6 30. Ke3 Ke7 31. f4 exf4+ 32. gxf4 g5 33. fxg5 fxg5 34. h3 h5 35. Kf3 Bc7 36. Ne3 b6 37. Nf5+ Kf6 38. a4 bxc5 39. bxc5 Ne6 40. Bxe6 Kxe6 41. Ng7+ Kd7 42. Nxh5 Kc6 43. Kg4 Bd8 44. Kf5 Kxc5 45. Ng7 Kb4 46. Ne6 Be7 47. e5 Kxa4 48. Nd4 a5 49. Nc6 Kb5 50. Nxe7 Kc5 51. e6 a4 52. Ng6 a3 53. e7 a2 54. e8=Q a1=Q 55. Qc8+ Kd6 56. Qd8+ Kc6 57. Qf6+ Qxf6+ 58. Kxf6 g4 59. hxg4 Kd7 60. Kf7 Kd6 61. g5 Kd5 62. Nf4+ Ke4 63. g6 Kxf4 64. g7 Kg5 65. g8=Q+ Kf5 66. Qg6+ Ke5 67. Qg5+ Kd6 68. Qf5 Kc6 69. Qe5 Kd7 70. Qe6+ Kc7 71. Ke7 Kb7 72. Qd6 Kc8 73. Qd7+ Kb8 74. Kd6 Ka8 75. Kc6 1-0


[Site "https://www.chess.com"]

[Event "Titled Tuesday Blitz April 12 Late 2022"]
[White "Friedel, Tom"]
[Black "Kanyamarala, Tarun"]
[WhiteFideId "2002108"]
[BlackFideId "45004714"]
[WhiteElo "2388"]
[BlackElo "2177"]
[Result "0-1"]
[Round "09"]
[TimeControl "180+1"]
[Date "2022.04.13"]
[WhiteClock "0:00:01"]
[BlackClock "0:00:57"]

1. e4 c5 2. Nf3 e6 3. c3 d5 4. exd5 exd5 5. d4 Nc6 6. Bd3 Nf6 7. O-O Be7 8. dxc5 O-O 9. b4 a5 10. Qb3 Bg4 11. Nbd2 axb4 12. cxb4 b6 13. cxb6 Nxb4 14. Re1 Bc5 15. b7 Rb8 16. Rb1 Rxb7 17. a3 Nxd3 18. Qxd3 Rxb1 19. Qxb1 Re8 20. Bb2 h6 21. Qd3 Rxe1+ 22. Nxe1 Qb6 23. Bxf6 Bxf2+ 24. Kf1 Qxf6 25. Nef3 Bc5 26. Ke2 Qe6+ 27. Kd1 Bf5 28. Qc3 Be7 29. Nd4 Bg4+ 30. Kc1 Qe1+ 31. Kc2 Bf6 32. Qd3 Qa1 33. N2b3 Qa2+ 34. Kc3 Qxa3 35. Qe3 Bd7 36. Qd3 Qa8 37. Qe3 Qf8 38. g3 Qa3 39. Qd3 Ba4 0-1


[Site "https://www.chess.com"]

[Event "Titled Tuesday Blitz April 12 Late 2022"]
[White "Gatterer, Florian"]
[Black "Petrova, Irina"]
[WhiteFideId "811688"]
[BlackFideId "14124122"]
[WhiteElo "2218"]
[BlackElo "1993"]
[Result "1-0"]
[Round "09"]
[TimeControl "180+1"]
[Date "2022.04.13"]
[WhiteClock "0:01:25"]
[BlackClock "0:00:29"]

1. b3 d6 2. Bb2 e5 3. d4 exd4 4. Qxd4 Nc6 5. Qd2 Nf6 6. Nc3 Be7 7. e4 O-O 8. O-O-O a5 9. a4 Nb4 10. h3 Nd7 11. f4 Nc5 12. Kb1 Be6 13. Nf3 f5 14. Nd4 fxe4 15. Nxe6 Nxe6 16. Bc4 Qc8 17. Nd5 Rf7 18. f5 Nc5 19. Nxe7+ Kf8 20. Nxc8 1-0


[Site "https://www.chess.com"]

[Event "Titled Tuesday Blitz April 12 Late 2022"]
[White "Gharibyan, Mamikon"]
[Black "Khamzin, Olzhas"]
[WhiteFideId "13308300"]
[BlackFideId "13701690"]
[WhiteElo "2254"]
[BlackElo "2155"]
[Result "1-0"]
[Round "09"]
[TimeControl "180+1"]
[Date "2022.04.12"]
[WhiteClock "0:00:41"]
[BlackClock "0:00:24"]

1. e4 c6 2. Nf3 d5 3. d3 Bg4 4. h3 Bh5 5. Qe2 e6 6. g3 Nd7 7. Bg2 Bc5 8. O-O Ne7 9. c3 Ne5 10. d4 Nxf3+ 11. Bxf3 Bxf3 12. Qxf3 dxe4 13. Qxe4 Bd6 14. Nd2 O-O 15. a4 a5 16. Nf3 Nd5 17. Kg2 Qf6 18. Re1 Qg6 19. h4 Qxe4 20. Rxe4 h6 21. Bd2 Nb6 22. b3 c5 23. Rd1 cxd4 24. Nxd4 Rfc8 25. Nb5 Bc5 26. Be3 Nd5 27. Bxc5 Rxc5 28. c4 Rxb5 29. cxb5 Nc3 30. Red4 Nxd1 31. Rxd1 Rc8 32. Rd7 b6 33. Rb7 Rc3 34. Rxb6 Rxb3 35. Ra6 e5 36. Rxa5 e4 37. Ra6 Rb2 38. Kf1 f5 39. h5 Rb1+ 40. Kg2 Rb2 41. Kg1 Rb1+ 42. Kg2 Rb2 43. Kf1 Rb1+ 44. Ke2 Rb2+ 45. Ke3 Rb3+ 46. Kd4 Rf3 47. b6 Rb3 48. a5 Rb4+ 49. Ke5 Rb5+ 50. Kf4 Kh7 51. Ra7 Rb2 52. Kxf5 e3 53. fxe3 Rb5+ 54. Kg4 Rxh5 55. Kxh5 1-0


[Site "https://www.chess.com"]

[Event "Titled Tuesday Blitz April 12 Late 2022"]
[White "Harish, Neeraj"]
[Black "Stelmaszyk, Nico"]
[WhiteFideId "30958130"]
[BlackFideId "16200462"]
[WhiteElo "1574"]
[BlackElo "2119"]
[Result "0-1"]
[Round "09"]
[TimeControl "180+1"]
[Date "2022.04.13"]
[WhiteClock "0:00:12"]
[BlackClock "0:01:16"]

1. e4 e5 2. Nf3 Nf6 3. Nxe5 Nxe4 4. Qe2 Qe7 5. Qxe4 d6 6. d4 dxe5 7. dxe5 Nc6 8. Nc3 Qxe5 9. Qxe5+ Nxe5 10. Bf4 Bd6 11. O-O-O Nd3+ 12. Rxd3 Bxf4+ 13. Kb1 O-O 14. g3 Be5 15. Bg2 c6 16. f4 Bxc3 17. Rxc3 Be6 18. h3 Rfd8 19. g4 Rd4 20. f5 Bd5 21. Bxd5 Rxd5 22. Kc1 Rad8 23. Re1 Kf8 24. Rce3 R5d7 25. g5 f6 26. h4 fxg5 27. hxg5 Rf7 28. g6 hxg6 29. fxg6 Rfd7 30. Rh3 Kg8 31. Reh1 Kf8 32. Rh8+ Ke7 33. Rxd8 Rxd8 34. Rf1 Rf8 35. Re1+ Kf6 36. Rf1+ Ke7 37. Re1+ Kd7 38. Rd1+ Kc7 39. Re1 Rd8 40. Re7+ Rd7 41. Rf7 Kd6 42. Rf1 Ke6 43. c3 Re7 44. Kd2 Kd6 45. Kd3 a6 46. c4 b5 47. cxb5 axb5 48. b4 Re6 49. Rg1 Rf6 50. Rg3 Rf5 51. a3 Rd5+ 52. Ke4 Rh5 53. Rd3+ Ke6 54. Rc3 Rh4+ 55. Kd3 Rh3+ 56. Kd4 Rxc3 57. Kxc3 Kf6 58. Kd4 Kxg6 59. Kc5 Kf5 60. Kxc6 g5 61. Kxb5 g4 62. a4 g3 63. a5 g2 64. a6 g1=Q 65. Kc6 Qa7 66. b5 Ke6 67. b6 Qxa6 68. Kc7 Qc4+ 69. Kb7 Kd7 0-1


[Site "https://www.chess.com"]

[Event "Titled Tuesday Blitz April 12 Late 2022"]
[White "Hartikainen, Jarmo"]
[Black "Akrakan"]
[WhiteFideId "503134"]
[WhiteElo "2105"]
[BlackElo "2156"]
[Result "0-1"]
[Round "09"]
[TimeControl "180+1"]
[Date "2022.04.13"]
[WhiteClock "0:00:04"]
[BlackClock "0:00:14"]

1. e4 c5 2. c3 Nf6 3. e5 Nd5 4. d4 cxd4 5. Nf3 Nc6 6. cxd4 e6 7. Nc3 d6 8. Bb5 Nxc3 9. bxc3 Qa5 10. Qd3 Bd7 11. O-O Nxe5 12. Bxd7+ Nxd7 13. Rb1 Qc7 14. Bf4 Be7 15. c4 b6 16. Rfc1 Qc6 17. d5 Qc7 18. dxe6 fxe6 19. Nd4 Nc5 20. Qg3 O-O 21. Nb5 Qc6 22. Bxd6 Rae8 23. Re1 Ne4 24. Qe5 Bxd6 25. Qxe4 Qxe4 26. Rxe4 Bc5 27. Rf1 Re7 28. Nd4 e5 29. Nf3 Rfe8 30. Rfe1 Bd6 31. a4 h6 32. h3 Kf7 33. g3 Kf6 34. Kg2 Bc5 35. g4 g5 36. h4 Re6 37. hxg5+ hxg5 38. Rh1 Kg6 39. Rh5 Rf8 40. Rxg5+ Kh6 41. Rh5+ Kg6 42. Rg5+ Kh6 43. Rh5+ Kg7 44. Rg5+ Kf6 45. Rf5+ Ke7 46. Rxf8 Kxf8 47. Rxe5 Rf6 48. Rf5 Rxf5 49. gxf5 Kf7 50. Ne5+ Ke7 51. f4 Bb4 52. Kf3 Ba3 53. Ke4 Kf6 54. Ng4+ Kf7 55. f6 Bb2 56. f5 Ba1 57. Kd5 Bb2 58. Kc6 Bd4 59. Kb7 a5 60. Kc6 Bg1 61. Kd5 Bc5 62. Ke5 Bg1 63. Nh6+ Kf8 64. Ke6 Be3 65. f7 Bxh6 66. f6 Be3 67. Kf5 Kxf7 68. Ke4 Bc5 69. Kf5 Bb4 70. Ke5 Bc3+ 71. Kd5 Bxf6 72. Kc6 Bd4 73. Kb5 Kf6 74. Ka6 Kf5 75. Kb5 Ke4 76. Ka6 Kd3 77. Kb5 Kc3 78. c5 Bxc5 79. Ka6 Kb3 80. Kb5 Ka3 81. Kc4 Kxa4 82. Kc3 Bb4+ 83. Kb2 Bd2 84. Ka2 Kb4 85. Kb2 Bc3+ 86. Ka2 Kc4 87. Kb1 b5 88. Ka2 b4 89. Kb1 b3 90. Kc1 Kd3 91. Kb1 b2 92. Ka2 Kc2 93. Ka3 b1=Q 94. Ka4 Qb4# 0-1


[Site "https://www.chess.com"]

[Event "Titled Tuesday Blitz April 12 Late 2022"]
[White "Horcajuelo Rocamora, Martin"]
[Black "Prohorov, Olexandr"]
[WhiteFideId "24573027"]
[BlackFideId "14105578"]
[WhiteElo "1822"]
[BlackElo "1993"]
[Result "0-1"]
[Round "09"]
[TimeControl "180+1"]
[Date "2022.04.13"]
[WhiteClock "0:01:35"]
[BlackClock "0:01:22"]

1. e4 c5 2. Nf3 e6 3. d4 cxd4 4. Nxd4 Qb6 5. Nb3 Nf6 6. Nc3 Bb4 7. Bd3 d5 8. e5 Nfd7 9. O-O Nxe5 10. Re1 Bxc3 11. bxc3 Nbc6 12. Ba3 f6 13. Bf1 Kf7 14. Bc5 Qc7 15. Rc1 b6 16. Ba3 Rd8 17. f4 Ng6 18. g3 Kg8 19. Bg2 Qf7 20. Qe2 Bd7 21. Rcd1 Rac8 22. f5 Nge5 23. fxe6 Bxe6 24. Nd4 Nxd4 25. cxd4 Bg4 26. Qd2 Nc4 0-1


[Site "https://www.chess.com"]

[Event "Titled Tuesday Blitz April 12 Late 2022"]
[White "Iskusnyh, Sergei"]
[Black "Moroni, Luca Jr"]
[WhiteFideId "4120027"]
[BlackFideId "865834"]
[WhiteElo "2492"]
[BlackElo "2573"]
[Result "1-0"]
[Round "09"]
[TimeControl "180+1"]
[Date "2022.04.12"]
[WhiteClock "0:00:28"]
[BlackClock "0:00:01"]

1. d4 g6 2. c4 Bg7 3. Nf3 d6 4. g3 Bd7 5. Nc3 Qc8 6. h3 Nc6 7. Bg2 Nf6 8. e4 e5 9. d5 Ne7 10. Be3 a6 11. c5 O-O 12. Rc1 Qd8 13. Qb3 Rb8 14. cxd6 cxd6 15. Bb6 Qc8 16. Qb4 Bh6 17. Rd1 Ne8 18. Nxe5 dxe5 19. Qxe7 f5 20. exf5 Rf7 21. Qb4 gxf5 22. d6 e4 23. Nd5 Bb5 24. Ne7+ Rxe7 25. dxe7 Qc6 26. Be3 Bg7 27. Rc1 Qd7 28. Bf1 Bxf1 29. Kxf1 Bf6 30. Kg2 Bxe7 31. Qc4+ Kf8 32. Rhd1 Nd6 33. Qd5 Rc8 34. Bh6+ Ke8 35. Qg8+ 1-0


[Site "https://www.chess.com"]

[Event "Titled Tuesday Blitz April 12 Late 2022"]
[White "Kalavannan, Koby"]
[Black "Minko, Dmitry"]
[WhiteFideId "425753"]
[BlackFideId "24188468"]
[WhiteElo "1927"]
[BlackElo "1928"]
[Result "0-1"]
[Round "09"]
[TimeControl "180+1"]
[Date "2022.04.13"]
[WhiteClock "0:00:13"]
[BlackClock "0:01:02"]

1. d4 d5 2. Nf3 Nf6 3. c4 e6 4. g3 dxc4 5. Bg2 c5 6. O-O Nc6 7. Qa4 Bd7 8. Qxc4 b5 9. Qd3 Rc8 10. dxc5 Bxc5 11. Qxb5 Nd4 12. Qd3 Nc2 13. Nc3 Nxa1 14. Bg5 O-O 15. Rxa1 Bc6 16. Qc2 Qb6 17. e3 Nd5 18. Na4 Bxa4 19. Qxa4 Qxb2 20. Rf1 h6 21. Bf4 Nxf4 22. gxf4 Bb6 23. Ne5 Rc1 24. Nc4 Rxf1+ 25. Bxf1 Qc1 26. Qd7 Rd8 27. Qc6 Rd1 28. Qe8+ Kh7 29. Qxf7 Rxf1+ 30. Kg2 Rg1+ 31. Kf3 Qd1+ 32. Ke4 Qd5# 0-1


[Site "https://www.chess.com"]